 Dungeon Sprint DCSS version 0.28.0-53-g5a82cb258f (webtiles) character file.

Game seed: 7094487487073150879

7557 Zeld the Severer (level 10, -13/114 HPs)
             Began as a Minotaur Berserker on June 7, 2022.
             Was a High Priest of Trog.
             Killed from afar by a frost giant (26 damage)
             ... with a bolt of cold
             ... in the Dungeon (Sprint II: "The Violet Keep of Menkaure").
             The game lasted 00:03:35 (1997 turns).

Zeld the Severer (Minotaur Berserker)               Turns: 1997, Time: 00:03:36

Health: -13/114    AC: 21    Str: 26    XL:     10   Next: 96%
Magic:  3/3        EV: 12    Int:  6    God:    Trog [*****.]
Gold:   133        SH:  0    Dex: 10    Spells: 9/9 levels left

rFire   . . .      SeeInvis .   a - +0 battleaxe (antimagic)
rCold   . . .      Faith    .   (shield currently unavailable)
rNeg    + . .      Spirit   .   j - +5 chain mail of the Shining Light {Fly rN+ Int+2}
rPois   .          Reflect  .   (helmet restricted)
rElec   .          Harm     .   l - +0 cloak
rCorr   .          Rampage  .   (no gloves)
Will    .....      NoTele   +   k - +0 pair of boots
Stlth   ..........              (no amulet)
HPRegen 0.29/turn               (no ring)
MPRegen 0.08/turn               (no ring)

@: on berserk cooldown, flying, slowed, very slow
A: horns 2, retaliatory headbutt, MP-powered wands
a: Renounce Religion, Berserk, Trog's Hand, Brothers in Arms


You were in the Dungeon.
You worshipped Trog.
Trog was extremely pleased with you.
You visited 1 branch You collected 1053 gold pieces.
You spent 920 gold pieces at shops.

Inventory:

Hand Weapons
 a - a +0 antimagic battleaxe (weapon)
Armour
 j - the +5 chain mail of the Shining Light (worn) {Fly rN+ Int+2}
   (You bought it in a shop in the Dungeon)

   Int:       It affects your intelligence (+2).
   rN:        It protects you from negative energy.
   Fly:       It grants you flight.
 k - a +0 pair of boots (worn)
 l - a +0 cloak (worn)
Potions
 c - 7 potions of curing
 e - a potion of haste
 f - 2 potions of magic
 g - a potion of berserk rage


   Skills:
 * Level 18.4 Fighting
 * Level 18.5 Axes
 + Level 13.2 Armour
 + Level 12.2 Dodging


You had 9 spell levels left.
You didn't know any spells.
Your spell library was empty.

Dungeon Overview and Level Annotations

Branches:
Dungeon (1/1)

Altars:
Cheibriados
Dithmenos
Elyvilon
Fedhas
Gozag
Hepliaklqana
Kikubaaqudgha
Makhleb
Qazlal
Ru
Sif Muna
Trog
Wu Jian
Beogh
Jiyva
Lugonu

Shops:
D (:!=(![[?=[![!:

Annotations:
D exclusion: oklob plant


Innate Abilities, Weirdness & Mutations

You have a pair of horns on your head.
You reflexively headbutt those who attack you in melee.
You expend magic power (3 MP) to strengthen your wands.


Message History

Things that are here:
a hornet corpse; a polar bear corpse You feel a strong urge to attack something.
You barely miss the yaktaur.
The yaktaur unwields a +0 arbalest.
The yaktaur hits you but does no damage.
You slash the yaktaur!
The yaktaur is lightly wounded.
You slash the yaktaur!
The yaktaur is heavily wounded.
The yaktaur hits you but does no damage.
You slice the yaktaur!!
You kill the yaktaur!
Trog accepts your kill.
Things that are here:
a +0 arbalest; 20 bolts; a yaktaur corpse You feel a strong urge to attack something.
You now have enough gold to buy a potion of heal wounds on this level, or buy a potion of heal wounds on this level.
You can access your shopping list by pressing '$'.
You now have 133 gold pieces (gained 81).
You start resting.
You are no longer berserk.
You are exhausted.
You feel yourself slow down.
You start resting.
A frost giant is nearby!
A frost giant is nearby!
A frost giant is nearby!
A frost giant is nearby!
A frost giant is nearby!
Your deep troll goes berserk!
The frost giant points at you and mumbles some strange words.
The bolt of cold hits you!!
* * * LOW HITPOINT WARNING * * *
You feel better.
Your deep troll bites the frost giant!
Your deep troll completely misses the frost giant.
Your deep troll claws the frost giant but does no damage.
The frost giant casts a spell at you.
The bolt of cold hits your deep troll!!!
The bolt of cold hits you!!
You die...

°≈≈≈≈#*++**,,,+,,,*,,,*,,,,,*****
≈○≈≈**≈,,,***,*,,,***************
§≈≈**,≈,,,,,***,,,*≈≈≈≈≈≈≈≈***,,,
+++##***,,,,*,**,,************+**
)...#,,+,,,,*,,*,,*,,,,,,,,**,,,*
##..#,,***#^*,9*,,*,,,,,,,,**,⌠,*
.##.####,,+.##k*,,*,,,,,,,,**,,,*
..#....#,,*...####*,,,,,,,,**,,,*
#####..##**#..##@#*,,,,,,,,**,,,*
# #.##..#,,+..#.)#*,,,,,,,,**,,,*
####.#..#,,#..#.T#*,,,,,,,,**,⌠,*
.'.##'..####..##C#*,,,,,,,,**,,,*
##...#....###.).##▓▓*****+****+**
###.##......≈≈≈†≈≈≈≈≈≈≈≈≈,,,≈≈≈*,
.####§≈.....≈#+########+***,≈≈≈*,
#.#≈≈≈≈≈≈≈§.≈#....._..#≈≈≈**≈≈≈*,
.##≈≈§≈≈≈§§.≈#...._._.#≈≈≈≈******


You could see a frost giant (ally target) and a friendly deep troll (summoned,
berserk).

Vanquished Creatures
  Kirke (D)
  A crystal guardian (D)
  A deep elf high priest (D)
  A yaktaur captain (D)
  A death drake (D)
  A yaktaur (D)
  3 polar bears (D)
  A hornet (D)
  2 wyverns (D)
  Menkaure (D)
  A water moccasin (D)
  A swamp drake (D)
  4 necrophages (D)
  4 scorpions (D)
  A hell rat (D)
  3 worms (D)
27 creatures vanquished.

Vanquished Creatures (collateral kills)
  A centaur warrior (D)
  A skeletal warrior (D)
  An elephant (D)
  A kobold demonologist (D)
  2 water moccasins (D)
6 creatures vanquished.

Vanquished Creatures (others)
  A water moccasin (D)
1 creature vanquished.

Grand Total: 34 creatures vanquished

Notes
Turn   | Place    | Note
-------+----------+-------------------------------------------
     0 | D        | Zeld the Minotaur Berserker began the quest for the Orb.
     0 | D        | Reached XP level 1. HP: 19/19 MP: 0/0
     1 | D        | Noticed a scorpion
     1 | D        | Noticed a scorpion
     5 | D        | Killed a scorpion
     6 | D        | Reached XP level 2. HP: 30/30 MP: 1/1
     6 | D        | Reached XP level 3. HP: 37/37 MP: 2/2
    10 | D        | Killed a scorpion
    11 | D        | Reached skill level 5 in Armour
    11 | D        | Reached XP level 4. HP: 46/47 MP: 3/3
    12 | D        | Noticed a scorpion
    12 | D        | Noticed a scorpion
    14 | D        | Killed a scorpion
    14 | D        | Reached ** piety under Trog
    15 | D        | Reached skill level 5 in Dodging
    15 | D        | Reached XP level 5. HP: 53/56 MP: 4/4
    26 | D        | Killed a water moccasin
   280 | D        | Reached *** piety under Trog
   301 | D        | Noticed a wyvern
   301 | D        | Noticed a wyvern
   304 | D        | Killed a wyvern
   305 | D        | Reached skill level 10 in Fighting
   305 | D        | Reached skill level 10 in Axes
   305 | D        | Reached XP level 6. HP: 63/67 MP: 5/5
   308 | D        | Killed a wyvern
   309 | D        | Reached XP level 7. HP: 55/74 MP: 6/6
   916 | D        | Reached **** piety under Trog
  1315 | D        | Found Haugaeth's Antique Armour Shoppe.
  1315 | D        | Found Quhifis's Distillery.
  1315 | D        | Found Hyath's Antique Armour Emporium.
  1315 | D        | Found Suurorha's Distillery.
  1315 | D        | Found Bihywa's Magic Scroll Shoppe.
  1315 | D        | Found Ihuqeng's Jewellery Shoppe.
  1316 | D        | Found Isait's Antique Armour Shoppe.
  1316 | D        | Found Fasocub's Antique Armour Emporium.
  1317 | D        | Found Caguacw's Distillery.
  1317 | D        | Found Ropnif's Weapon Emporium.
  1318 | D        | Found Inaohakk's Book Emporium.
  1425 | D        | Found Terunodd's Jewellery Shoppe.
  1425 | D        | Found Gyeps's Distillery.
  1425 | D        | Noticed Menkaure
  1425 | D        | Noticed an oklob plant
  1426 | D        | Found Goroetus's Antique Weapon Emporium.
  1426 | D        | Found Archujaoh's Book Shoppe.
  1426 | D        | Noticed a yak
  1428 | D        | Noticed a yak
  1430 | D        | Noticed a yak
  1436 | D        | Killed Menkaure
  1437 | D        | Reached XP level 8. HP: 85/85 MP: 7/7
  1549 | D        | Bought a potion of heal wounds for 65 gold pieces
  1549 | D        | Bought a potion of heal wounds for 65 gold pieces
  1549 | D        | Bought 2 potions of curing for 78 gold pieces
  1551 | D        | Bought a potion of curing for 42 gold pieces
  1551 | D        | Bought a potion of curing for 42 gold pieces
  1551 | D        | Bought a potion of curing for 42 gold pieces
  1551 | D        | Bought a potion of heal wounds for 70 gold pieces
  1557 | D        | Bought a scroll of magic mapping for 38 gold pieces
  1560 | D        | Noticed a polar bear
  1560 | D        | Noticed a polar bear
  1563 | D        | Bought a jewelled chain mail for 256 gold pieces
  1563 | D        | Identified the +5 chain mail of the Shining Light {Fly rN+
                  | Int+2} (You bought it in a shop in the Dungeon)
  1565 | D        | Bought a pair of boots for 90 gold pieces
  1565 | D        | Bought a cloak for 90 gold pieces
  1576 | D        | Bought a potion of curing for 42 gold pieces
  1581 | D        | Noticed a flying skull
  1588 | D        | Noticed a flying skull
  1618 | D        | Noticed an elephant
  1618 | D        | Noticed a centaur warrior
  1618 | D        | Noticed Kirke
  1618 | D        | Noticed a yaktaur captain
  1618 | D        | Noticed a kobold demonologist
  1618 | D        | Noticed a skeletal warrior
  1621 | D        | Noticed a manticore
  1628 | D        | Killed Kirke
  1628 | D        | Reached ***** piety under Trog
  1629 | D        | Reached skill level 10 in Armour
  1629 | D        | Reached XP level 9. HP: 87/96 MP: 8/8
  1634 | D        | Noticed a sun demon
  1637 | D        | Killed a yaktaur captain
  1638 | D        | Reached skill level 15 in Fighting
  1638 | D        | Reached skill level 15 in Axes
  1638 | D        | Reached skill level 10 in Dodging
  1642 | D        | Gained mutation: You expend magic power (3 MP) to
                  | strengthen your wands. [a neqoxec]
  1645 | D        | Killed a kobold demonologist
  1646 | D        | Noticed an obsidian statue
  1648 | D        | Killed a centaur warrior
  1649 | D        | Killed a skeletal warrior
  1650 | D        | Reached XP level 10. HP: 30/108 MP: 9/9
  1663 | D        | Killed an elephant
  1684 | D        | Received a gift from Trog
  1916 | D        | Noticed a frost giant
  1916 | D        | Noticed a cacodemon
  1916 | D        | Noticed a golden dragon
  1916 | D        | Noticed a bone dragon
  1917 | D        | Noticed a deep elf high priest
  1917 | D        | Noticed a storm dragon
  1954 | D        | Found a blossoming altar of Fedhas.
  1955 | D        | Found a white marble altar of Elyvilon.
  1956 | D        | Found a shadowy altar of Dithmenos.
  1956 | D        | Found a corrupted altar of Lugonu.
  1956 | D        | Found an opulent altar of Gozag.
  1956 | D        | Found a burning altar of Makhleb.
  1957 | D        | Found a snail-covered altar of Cheibriados.
  1957 | D        | Found an ancient bone altar of Kikubaaqudgha.
  1957 | D        | Found a bloodstained altar of Trog.
  1958 | D        | Found a viscous altar of Jiyva.
  1958 | D        | Found a shimmering blue altar of Sif Muna.
  1959 | D        | Found a hazy altar of Hepliaklqana.
  1959 | D        | Found a sacrificial altar of Ru.
  1959 | D        | Noticed a crystal guardian
  1960 | D        | Found a stormy altar of Qazlal.
  1960 | D        | Found an ornate altar of the Wu Jian Council.
  1965 | D        | Noticed a death drake
  1975 | D        | Killed a deep elf high priest
  1980 | D        | Killed a crystal guardian
  1981 | D        | Killed a death drake
  1996 | D        | HP: 3/114 [frost giant/bolt of cold (33)]
  1997 | D        | Killed from afar by a frost giant

Illustrated notes

Levels and vault maps discovered:
D:        the_violet_keep_of_menkaure [sprint2_stairs_cluster_1,
          sprint2_shoproom, sprint2_temple, sprint2_basic_supplies,
          sprint2_obstacle_2, sprint2_obstacle_4, sprint2_obstacle_3,
          sprint2_obstacle_1, sprint2_obstacle_5, sprint2_timed_cluster_1,
          sprint2_smallroom_cluster_1, sprint2_smallroom_final_cluster_1,
          sprint2_transparent_cluster_1, sprint2_second_timed_cluster_1,
          sprint2_sniper_area_1, sprint2_heavy_combat_area_1,
          sprint2_mutation_trap_area_1, sprint2_forest_area_1,
          sprint2_light_combat_area_1, sprint2_behind_water_1,
          sprint2_near_end_vault_1]

Skill      XL: |  1  2  3  4  5  6  7  8  9 10 |
---------------+-------------------------------+-----
Fighting       | 6 7 8 10 11 12 14 16 18 | 18.4
Axes           | 6 7 8 10 11 12 14 16 18 | 18.5
Armour         | 4 5 7 8 10 11 13 | 13.2
Dodging        | 3 4 5 6 7 8 9 10 12 | 12.2

Action                   |  1- 3 |  4- 6 |  7- 9 | 10-12 || total
-------------------------+-------+-------+-------+-------++-------
Melee: Hand axe          |     8 |    14 |    40 |     6 ||    68
       Headbutt          |     1 |     7 |     9 |     6 ||    23
       Punch             |       |     1 |       |       ||     1
       Battleaxe         |       |       |       |    25 ||    25
Invok: Berserk           |     1 |     1 |     3 |     1 ||     6
       Brothers in Arms  |       |       |     1 |     2 ||     3
  Use: Scroll            |       |       |     2 |       ||     2
       Potion            |       |       |     2 |     3 ||     5
Armor: Animal skin       |       |     1 |       |       ||     1
       Chain mail        |       |       |    13 |    34 ||    47
Dodge: Dodged            |     1 |     7 |    23 |    31 ||    62
